 Dungeon Crawl Stone Soup version 0.32-a0-481-g9ce6b883f8 (webtiles) character file.

Game seed: 9178377010089577794

18669 GordonOverkill the Severer (level 12, 0/147 HPs)
             Began as a Coglin Delver on Feb 26, 2024.
             Was an Elder of Trog.
             Succumbed to a minotaur's poison
             ... in a Gauntlet.
             The game lasted 00:22:24 (11565 turns).

GordonOverkill the Severer (Coglin Delver)         Turns: 11565, Time: 00:22:25

Health: 0/147      AC: 12    Str: 22    XL:     12   Next: 60%
Magic:  12/12      EV: 13    Int:  9    God:    Trog [****..]
Gold:   254        SH:  0    Dex: 15    Spells: 11/11 levels left

rFire   . . .        f - +3 broad axe (drain) {Imanvir}
rCold   . . .        x - +0 war axe (spect) {Hideko}
rNeg    . . .        B - +2 ring mail "Hanless" {rElec Will++ Str+3}
rPois   .            h - +1 helmet
rElec   +            q - +0 cloak
rCorr   .            (no gloves)
SInv    .            M - +0 pair of boots {Stlth+}
Will    ++...        G - amulet of regeneration Stlth
                     (ring unavailable)
HPRegen 1.24/turn    (ring unavailable)
MPRegen 0.13/turn

%: no teleportation
@: berserking, lethally poisoned (0 -> -30), very quick
A: off-hand wielding, slow wielding, warmup strikes, no rings
a: Renounce Religion, Berserk, Trog's Hand, Brothers in Arms


You were in a Gauntlet.
You worshipped Trog.
Trog was greatly pleased with you.
You visited 3 branches of the dungeon, and saw 13 of its levels.
You also visited: Bailey and Gauntlet.

You collected 514 gold pieces.
You spent 260 gold pieces at shops.

Inventory:

Hand Weapons
 f - a +3 broad axe of draining (weapon) {Imanvir}
 j - a +2 hand axe of flaming {Jeff}
 x - a +0 spectral war axe (offhand) {Hideko}
Missiles
 t - 52 poisoned darts (quivered)
 H - 7 throwing nets
Armour
 h - a +1 helmet (worn)
 o - the +4 ring mail "Yxzestu" {+Inv Dex+5}
   (You found it in a bailey)

   Dex+5:     It affects your dexterity (+5).
   +Inv:      It lets you turn invisible.
 q - a +0 cloak (worn)
 B - the +2 ring mail "Hanless" (worn) {rElec Will++ Str+3}
   (You found it in a bailey)

   Str+3:     It affects your strength (+3).
   rElec:     It insulates you from electricity.
   Will++:    It greatly increases your willpower.
 M - a +0 pair of boots of stealth (worn)
Jewellery
 G - an amulet of regeneration (around neck)
 N - the dreamshard necklace {Acrobat *Dream}
   (You found it in a Gauntlet)

   [amulet of the acrobat]

   *Dream:    It absorbs a single lethal wound into itself, holding its wearer
   just short of death and releasing dream-creatures to guard them.
   Acrobat:   It increases your evasion while moving and waiting.
Wands
 g - a wand of digging (7)
 p - a wand of roots (10)
 w - a wand of acid (14)
 D - a wand of mindburst (6)
 K - a wand of polymorph (3)
Scrolls
 c - 2 scrolls of fog
 d - a scroll of revelation
 i - 8 scrolls of teleportation
 k - 2 scrolls of vulnerability
 m - a scroll of amnesia
 n - 3 scrolls of blinking
 r - a scroll of silence
 y - 3 scrolls of fear
 C - a scroll of torment
 E - a scroll of immolation
 J - 2 scrolls of identify
Potions
 a - 2 potions of lignification
 b - 4 potions of enlightenment
 e - 15 potions of degeneration
 s - 4 potions of resistance
 u - a potion of magic
 v - 4 potions of might
 z - 4 potions of attraction
 A - 4 potions of curing
 F - a potion of heal wounds
Miscellaneous
 l - a phantom mirror
 I - a phial of floods


   Skills:
 + Level 10.4 Fighting
 - Level 16.0 Axes
 - Level 5.0 Armour
 - Level 5.0 Dodging
 - Level 4.1 Stealth
 - Level 3.0 Evocations


You had 11 spell levels left.
You didn't know any spells.
Your spell library was empty.

Dungeon Overview and Level Annotations

Branches:
Dungeon (11/15)            Temple (1/1) D:4            Lair (1/5) D:10
    Orc (0/2) D:11         Bailey (visited)         Gauntlet (1/1)

Altars:
Ashenzari
Cheibriados
Dithmenos
Elyvilon
Fedhas
Gozag
Hepliaklqana
Kikubaaqudgha
Makhleb
Nemelex Xobeh
Okawaru
Qazlal
Ru
Sif Muna
Trog
Uskayaw
Vehumet
Wu Jian
Xom
Yredelemnul
Zin
The Shining One
Beogh

Shops:
D:5 !   D:10 ?

Portals:
Trove: D:10 (give +3 storm dragon scales)

Annotations:
D:3 2 transporters Gauntlet 8 transporters, 3 runed translucent doors, exclusion: oklob plant


Innate Abilities, Weirdness & Mutations

You can wield a second weapon in your off-hand.
It takes a long time for you to wield or remove held weapons.
Your first few attacks do less damage.
Your grasper-arms cannot wear rings.


Message History

HP restored.
There is a transporter here.
You enter the transporter and appear at another place.
You open the door.
A minotaur comes into view.
It is wielding the +7 long sword "Ucrotyot" {venom, rF- Str-3 Dex+8 Stlth+}, wearing the +2 scale mail of the Orcish Mines {Rampage Stlth+} and quivering silver javelins.
Found a tourmaline ring.
Found a gate leading back out of this place.
You close the door.
You start waiting.
Done waiting.
You open the door.
The minotaur bellows!
The minotaur hits you with the +7 long sword "Ucrotyot"!!
* * * LOW HITPOINT WARNING * * *
You are poisoned.
The minotaur gores you!
* * * LOW HITPOINT WARNING * * *
There is an open door, spattered with blood here.
A red film seems to cover your vision as you go berserk!
You feel yourself moving faster!
You feel mighty!
You feel sick.
The minotaur hits you with the +7 long sword "Ucrotyot"!!
* * * LOW HITPOINT WARNING * * *
You are more poisoned.
The minotaur gores you!
* * * LOW HITPOINT WARNING * * *
You barely miss the minotaur with your +3 broad axe of draining.
The minotaur furiously retaliates!
The minotaur headbutts you, but does no damage.
You slash the minotaur with your +0 spectral war axe!
Your +0 spectral war axe {Hideko} closely misses the minotaur.
You feel very sick.
The minotaur hits you with the +7 long sword "Ucrotyot"!!
* * * LOW HITPOINT WARNING * * *
You are more poisoned.
The minotaur barely misses you.
Your +0 spectral war axe {Hideko} disappears.
* * * LOW HITPOINT WARNING * * *
You feel extremely sick.
You feel a strong urge to attack something.
You die...

#....##...##..♣.#.#
#.##.##.♣.#...P.#©.
#.##......#.♣P..#..
###.##.##.©.#.....#.. #≈
#.#....##...#.....#..
#≈≈.#.#.##.##.©.#.....###
#≈∩...'.##......#..∩.....
#≈≈.#H#.##.##.©.#.....###
#≈ #.#.@..##...#.....#sB
###.##.##.©.#.P...#=#
#.##......#.♣...##.
#.##.##.♣.#.....#©#
#....##...##..♣.##.
#######.♣.###.P.#.#
#...##≈...#sB # #
#≈≈...### ##≈.♣....


There were no monsters in sight!

Vanquished Creatures
  Fannar (D:11)
  Harold (D:9)
  A catoblepas (Gauntlet)
  A centaur warrior (D:11)
  2 two-headed ogres
  A manticore (D:10)
  A cyclops (D:11)
  A large abomination (Gauntlet)
  6 elephants (Lair:1)
  2 gargoyles
  An unseen horror (D:10)
  4 trolls
  Prince Ribbit (D:5)
  Grinder (D:5)
  6 shadows
  15 yaks
  Sigmund (D:5)
  2 vampires
  A wraith (D:10)
  5 humans (D:7)
  Edmund (D:6)
  3 steam dragons
  3 water moccasins
  3 orc warriors
  An ice beast (D:6)
  A black bear (D:6)
  A sky beast (D:7)
  6 small abominations (Gauntlet)
  3 wolves (Lair:1)
  4 centaurs
  4 phantoms
  2 kobold brigands
  2 bullfrogs
  2 gnoll sergeants
  A scorpion (D:5)
  4 killer bees (D:7)
  9 vampire bats (Bailey)
  7 howler monkeys
  2 wolf zombies (Bailey)
  A bombardier beetle (D:6)
  2 gnoll boudas
  3 hounds
  2 jellies
  12 orc priests
  2 sleepcaps (D:5)
  An iguana (D:6)
  10 orc wizards
  19 gnolls
  4 adders
  2 ufetubi (D:7)
  2 dart slugs
  3 ribbon worms (D:3)
  47 orcs
  7 endoplasms
  A giant cockroach (D:1)
  3 hobgoblins
  4 jackals
  2 quokkas
  5 ball pythons
  4 bats
  2 frilled lizards
  4 goblins
  24 kobolds
  29 orc zombies (Bailey)
  2 rats (D:1)
310 creatures vanquished.

Notes
Turn   | Place    | Note
-------+----------+-------------------------------------------
     0 | D:5      | GordonOverkill the Coglin Delver began the quest for the
                  | Orb.
     0 | D:5      | Reached XP level 1. HP: 18/18 MP: 1/1
     1 | D:6      | Noticed an orc wizard
     1 | D:6      | Noticed an iguana
     2 | D:6      | Noticed a hound
    27 | D:4      | Noticed an orc priest
    28 | D:4      | Noticed an orc priest
    51 | D:5      | Found a shimmering altar of Xom.
    98 | D:5      | Found a glowing silver altar of Zin.
   144 | D:5      | Noticed a phantom
   152 | D:5      | Noticed a scorpion
   247 | D:4      | Found a staircase to the Ecumenical Temple.
   252 | D:4      | Noticed an orc wizard
   253 | D:4      | Noticed an orc priest
   255 | Temple   | Entered the Ecumenical Temple
   281 | Temple   | Became a worshipper of Trog the Wrathful
   323 | D:4      | Killed an orc priest
   324 | D:4      | Reached skill level 3 in Axes
   324 | D:4      | Reached XP level 2. HP: 18/24 MP: 2/2
   324 | D:4      | Reached XP level 3. HP: 22/29 MP: 3/3
   332 | D:4      | Reached skill level 4 in Axes
   447 | D:4      | Reached XP level 4. HP: 35/35 MP: 4/4
  1057 | D:3      | Identified the +6 spear "Ogeink" {vamp, rElec Dex+3}
  1360 | D:1      | Found a faded altar of an unknown god.
  1447 | D:1      | Reached skill level 5 in Axes
  1497 | D:1      | Reached XP level 5. HP: 41/41 MP: 5/5
  2088 | D:2      | Reached * piety under Trog
  3294 | D:3      | Found a transporter.
  3300 | D:3      | Found a transporter.
  3630 | D:4      | Reached skill level 6 in Axes
  3688 | D:4      | Reached XP level 6. HP: 47/47 MP: 6/6
  4069 | D:5      | Reached skill level 7 in Axes
  4233 | D:5      | Noticed Grinder
  4241 | D:5      | Killed Grinder
  4242 | D:5      | Reached skill level 8 in Axes
  4242 | D:5      | Reached XP level 7. HP: 52/52 MP: 7/7
  4300 | D:5      | Found a sacrificial altar of Ru.
  4482 | D:5      | Noticed Prince Ribbit
  4491 | D:5      | Killed Prince Ribbit
  4492 | D:5      | Reached skill level 9 in Axes
  4492 | D:5      | Reached XP level 8. HP: 58/58 MP: 8/8
  4657 | D:5      | Found Caonased's Distillery.
  4662 | D:5      | Noticed Sigmund
  4699 | D:5      | Killed Sigmund
  4743 | D:5      | Reached skill level 10 in Axes
  4743 | D:5      | Reached skill level 1 in Evocations
  4793 | D:5      | Bought a potion of curing for 30 gold pieces
  4793 | D:5      | Bought a potion of enlightenment for 50 gold pieces
  4864 | D:6      | Reached ** piety under Trog
  5063 | D:6      | Reached skill level 5 in Fighting
  5079 | D:6      | Noticed Edmund
  5085 | D:6      | Killed Edmund
  5086 | D:6      | Reached XP level 9. HP: 69/69 MP: 9/9
  5141 | D:6      | Found a snail-covered altar of Cheibriados.
  5827 | D:7      | Found a hide-covered altar of Uskayaw.
  5847 | D:7      | Reached skill level 11 in Axes
  6158 | D:7      | Reached skill level 12 in Axes
  6317 | D:7      | Reached XP level 10. HP: 76/76 MP: 10/10
  6576 | D:7      | Reached skill level 13 in Axes
  6949 | D:8      | Reached *** piety under Trog
  7420 | D:8      | Noticed a two-headed ogre
  7428 | D:8      | Killed a two-headed ogre
  7832 | D:9      | Identified the +7 great sword of the Hated {freeze, rPois
                  | Str-3 Int+5}
  7918 | D:9      | Noticed Harold
  7931 | D:9      | Killed Harold
  7932 | D:9      | Reached skill level 14 in Axes
  8058 | D:9      | Reached skill level 15 in Axes
  8165 | D:9      | Noticed a two-headed ogre
  8171 | D:9      | Killed a two-headed ogre
  8172 | D:9      | Reached XP level 11. HP: 81/81 MP: 11/11
  8674 | D:9      | Found a shadowy altar of Dithmenos.
  8681 | D:9      | Found a sparkling altar of Nemelex Xobeh.
  8708 | D:10     | Entered Level 10 of the Dungeon
  8712 | D:10     | Identified a scroll of acquirement
  8712 | D:10     | Acquired a +0 broad axe of draining
  8738 | D:10     | Noticed a manticore
  8755 | D:10     | Killed a manticore
  8862 | D:10     | Reached skill level 16 in Axes
  8932 | D:10     | Found a portal to a secret trove of treasure.
  9013 | D:10     | Found The Oracle's Delphic Readings.
  9017 | D:10     | Bought a scroll of enchant weapon for 90 gold pieces
  9108 | D:10     | Found a flagged portal.
  9116 | Bailey   | Entered a bailey
  9372 | Bailey   | Identified the staff "Vaycem" {rElec rPois Str+3 Tloc Air}
  9376 | Bailey   | Identified the +4 ring mail "Yxzestu" {+Inv Dex+5}
  9430 | Bailey   | Identified the +2 ring mail "Hanless" {rElec Will++ Str+3}
  9432 | Bailey   | Identified the +1 robe "Kuiripom" {Int+4 Archmagi}
  9468 | Bailey   | Reached **** piety under Trog
  9758 | D:10     | Found a staircase to the Lair.
 10080 | D:10     | Bought a scroll of blinking for 90 gold pieces
 10287 | D:11     | Found a staircase to the Orcish Mines.
 10298 | D:11     | Identified the +7 flail "Cyotec Qugar" {antimagic, Str-3
                  | Int+4}
 10309 | D:11     | Noticed a cyclops
 10317 | D:11     | Killed a cyclops
 10360 | D:11     | Found a roughly hewn altar of Beogh.
 10576 | D:11     | Noticed Fannar
 10582 | D:11     | Killed Fannar
 10651 | D:11     | Noticed a centaur warrior
 10655 | D:11     | Killed a centaur warrior
 10656 | D:11     | Reached skill level 10 in Fighting
 10661 | D:11     | Reached skill level 1 in Armour
 10939 | Lair:1   | Entered Level 1 of the Lair of Beasts
 10961 | Lair:1   | Found a gate leading to a gauntlet.
 10963 | Lair:1   | Reached XP level 12. HP: 97/97 MP: 12/12
 10984 | Lair:1   | Reached skill level 5 in Armour
 11020 | Gauntlet | Entered a Gauntlet
 11020 | Gauntlet | Found a transporter.
 11027 | Gauntlet | Found a transporter.
 11029 | Gauntlet | Found a transporter.
 11034 | Gauntlet | Found a runed translucent door.
 11034 | Gauntlet | Found a runed translucent door.
 11035 | Gauntlet | Noticed a catoblepas
 11039 | Gauntlet | Found a transporter.
 11042 | Gauntlet | Found a transporter.
 11049 | Gauntlet | Found a runed translucent gate.
 11049 | Gauntlet | Found a runed translucent gate.
 11049 | Gauntlet | Found a runed translucent gate.
 11052 | Gauntlet | Found a transporter.
 11052 | Gauntlet | Noticed a ghost crab
 11068 | Gauntlet | Found a transporter.
 11069 | Gauntlet | Found the dreamshard necklace {Acrobat *Dream}
 11075 | Gauntlet | Noticed an entropy weaver
 11079 | Gauntlet | Found a transporter.
 11091 | Gauntlet | Found a transporter.
 11092 | Gauntlet | Noticed a catoblepas
 11096 | Gauntlet | Found a transporter.
 11096 | Gauntlet | Found a transporter.
 11119 | Gauntlet | Found a transporter.
 11121 | Gauntlet | Found a transporter.
 11179 | Gauntlet | Found a transporter.
 11364 | Gauntlet | Killed a catoblepas
 11369 | Gauntlet | Reached skill level 5 in Dodging
 11458 | Gauntlet | Identified the +7 long sword "Ucrotyot" {venom, rF- Str-3
                  | Dex+8 Stlth+}
 11458 | Gauntlet | Identified the +2 scale mail of the Orcish Mines {Rampage
                  | Stlth+}
 11458 | Gauntlet | Noticed a minotaur
 11564 | Gauntlet | HP: 5/147 [poisoned by a minotaur]
 11565 | Gauntlet | Succumbed to a minotaur's poison

Illustrated notes

Levels and vault maps discovered:
D:1:      matt_arrival_refuge, layout_loops_cross,
          shapermc_ecumenical_altar_ellora, hex_medium,
          hangedman_feature_mirror, minmay_misc_feat_rugged
D:2:      layout_loops_ring, serial_bayou_lagoon_b
D:3:      wad_pebble_path, layout_basic, gammafunk_ghost_gnarly_gnolls
D:4:      layout_basic, minmay_temple_entry_trees
D:5:      layout_loops_cross, mainiacjoe_overflow_24_doors,
          mainiacjoe_overflow_swirl, serial_shops, nicolae_shop_statue_plus,
          uniq_sigmund, uniq_grinder, uniq_prince_ribbit1
D:6:      layout_loops_ring, slow_altar_1, chequers_serial_rivers_micro_e,
          uniq_edmund
D:7:      layout_basic, kennysheep_mini_moat, minmay_ruffians
D:8:      layout_loops_cross
D:9:      layout_basic, amethyst_overflow_temple_binary, minivault_5,
          uniq_harold
D:10:     layout_roguey, lair_entry_dummy, enter_bailey_7,
          trove_entry_hex_spiral, palyth_stone_intersect,
          minmay_misc_feat_doors, nicolae_nh_oracle_at_delphi
D:11:     layout_basic, minmay_orc_entry_temple_small, uniq_fannar
Temple:   hellmonk_temple_of_storms
Lair:1:   minmay_lair_oklob_tunnel, layout_gridlike,
          gammafunk_ghost_wrathful_warriors, gauntlet_entry_generic,
          minivault_24, small_statue_intersection,
          dreamdust_deal_with_the_devil, serial_bayou_pond_e, patterned_corridor
Gauntlet: minmay_gauntlet_77_tree [minmay_gauntlet_arena_77_mirror,
          minmay_gauntlet_arena_77_broken_ladder,
          minmay_gauntlet_arena_77_shame_cube, minmay_gauntlet_arena_77_box,
          minmay_gauntlet_arena_77_braids,
          minmay_gauntlet_arena_77_double_cross,
          minmay_gauntlet_arena_77_run_for_it, gauntlet_exit_watery]

Skill      XL: |  1  2  3  4  5  6  7  8  9 10 11 12 |
---------------+-------------------------------------+-----
Axes           | 3 4 5 6 8 9 10 12 15 16 | 16.0
Evocations     | 3 |  3.0
Fighting       | 5 6 10 | 10.4
Armour         | 1 5 |  5.0
Dodging        | 5 |  5.0
Stealth        | |  4.1

Action                     |  1- 3 |  4- 6 |  7- 9 | 10-12 || total
---------------------------+-------+-------+-------+-------++-------
  Melee: Trident           |     5 |    95 |       |       ||   100
         Hand axe          |     5 |    76 |   128 |   138 ||   347
         War axe           |       |    15 |   135 |   253 ||   403
         Broad axe         |       |       |       |   183 ||   183
  Throw: Dart              |       |     2 |       |     4 ||     6
 Invoke: Berserk           |       |     3 |     9 |    12 ||    24
         Trog's Hand       |       |       |       |     2 ||     2
  Evoke: Wand              |     6 |       |       |       ||     6
    Use: Potion            |     1 |       |       |     1 ||     2
         Scroll            |       |    11 |       |    17 ||    28
   Stab: Sleeping          |       |    15 |       |     6 ||    21
         Distracted        |       |       |       |     4 ||     4
 Armour: Leather armour    |    11 |     9 |       |       ||    20
         Ring mail         |       |    18 |       |    95 ||   113
         Scale mail        |       |    12 |    64 |       ||    76
         Chain mail        |       |       |    42 |   127 ||   169
  Dodge: Dodged            |     5 |    31 |    61 |    93 ||   190

Table legend: (Time is in decaauts)
 A = Elapsed time spent in this place.
 B = Non-inter-level travel time spent in this place.
 C = Inter-level travel time spent in this place.
 D = Time resting spent in this place.
 E = Time spent auto-exploring this place.
 F = Levels seen in this place.
 G = Mean time per level.
                   A        B        C        D        E       F      G
               +--------+--------+--------+--------+--------+-----+--------+
         Total |  11715 |  10876 |    839 |   2454 |   6138 |  15 |  781.0 |
       Dungeon |  10566 |   9744 |    822 |   2140 |   5780 |  11 |  960.5 |
        Temple |     44 |     27 |     17 |      0 |      0 |   1 |   44.0 |
          Lair |     77 |     77 |      0 |     18 |      8 |   1 |   77.0 |
        Bailey |    466 |    466 |      0 |    155 |    134 |   1 |  466.0 |
      Gauntlet |    561 |    561 |      0 |    140 |    216 |   1 |  561.0 |
               +--------+--------+--------+--------+--------+-----+--------+

Top non-repeatable levels by time:
     D:5: 1227 daAuts
     D:4: 1205 daAuts
     D:3: 1087 daAuts
     D:6: 991 daAuts
     D:7: 942 daAuts
    D:10: 928 daAuts
     D:9: 896 daAuts
     D:8: 882 daAuts
    D:11: 829 daAuts
     D:2: 808 daAuts
     D:1: 765 daAuts
Gauntlet: 561 daAuts
  Bailey: 466 daAuts
  Lair:1: 77 daAuts
  Temple: 44 daAuts
